[ AOE2 MATCH · #466730220 ]
UnrankedEthiopians vs Wei
Player's team · WIN
Rival team · LOSS
[ REPLAY ANALYSIS · EXTRACTED FROM THE RECORDED GAME ]
Feudal
11:24
Castle
19:47
Imperial
—
| APM avg | 34.5 |
| APM peak | 76 |
| eAPM avg | 13.6 |
| Villagers / military | 80 / 93 |
Focus
⚔️ 24.5% · 🌾 75.5%
Archer ×78 · Spearman ×8 · Mangonel ×4 · Scout Cavalry ×3
Feudal
11:02
Castle
23:03
Imperial
—
| APM avg | 25.5 |
| APM peak | 63 |
| eAPM avg | 14.1 |
| Villagers / military | 56 / 19 |
Focus
⚔️ 25.3% · 🌾 74.7%
Unknown (1944) ×24 · Skirmisher ×10 · Spearman ×4 · Scout Cavalry ×4 · Mangonel ×1
Match map
Initial resources + every placement click. Lines = walls · curves = elevation contours. ◆ gold · ⬟ stone · ● berries · ✦ relic · ◌ wall gap
Inputs per minute
— A Pink Elephant - - ChoWis
Build order — A Pink Elephant
First 150 of 208 actions detected
| 0:02 | Create | Villager (Male) |
| 0:02 | Create | Villager (Male) |
| 0:03 | Build | House |
| 0:06 | Build | House |
| 0:22 | Create | Villager (Male) |
| 0:23 | Create | Villager (Male) |
| 0:23 | Create | Villager (Male) |
| 1:36 | Create | Villager (Male) |
| 1:47 | Build | Lumber Camp |
| 2:05 | Create | Villager (Male) |
| 2:06 | Create | Villager (Male) |
| 2:37 | Create | Villager (Male) |
| 2:37 | Create | Villager (Male) |
| 3:23 | Create | Villager (Male) |
| 3:24 | Create | Villager (Male) |
| 3:51 | Create | Villager (Male) |
| 3:51 | Create | Villager (Male) |
| 4:22 | Build | House |
| 4:39 | Create | Villager (Male) |
| 4:42 | Build | Mill |
| 4:46 | Create | Villager (Male) |
| 5:27 | Create | Villager (Male) |
| 5:28 | Create | Villager (Male) |
| 5:41 | Create | Villager (Male) |
| 6:23 | Create | Villager (Male) |
| 6:45 | Build | House |
| 6:52 | Create | Villager (Male) |
| 6:52 | Create | Villager (Male) |
| 7:45 | Create | Villager (Male) |
| 8:09 | Research | Loom |
| 8:25 | Build | Mill |
| 9:09 | Build | Farm |
| 9:11 | Build | Farm |
| 9:12 | Build | Farm |
| 9:14 | Research | Feudal Age |
| 9:26 | Build | Mining Camp |
| 9:31 | Build | House |
| 10:49 | Build | Barracks |
| 11:24 | Age | Feudal Age |
| 11:42 | Create | Villager (Male) |
| 11:42 | Create | Villager (Male) |
| 11:51 | Build | Archery Range |
| 12:07 | Create | Villager (Male) |
| 12:11 | Create | Villager (Male) |
| 12:35 | Build | Stable |
| 12:45 | Research | Double-Bit Axe |
| 12:58 | Build | Farm |
| 13:01 | Build | Farm |
| 13:07 | Build | House |
| 13:16 | Create | Scout Cavalry |
| 13:16 | Create | Scout Cavalry |
| 13:17 | Create | Scout Cavalry |
| 13:26 | Build | Palisade Wall |
| 13:30 | Create | Villager (Male) |
| 13:31 | Create | Villager (Male) |
| 13:31 | Create | Villager (Male) |
| 13:36 | Build | Farm |
| 13:55 | Build | Blacksmith |
| 14:08 | Build | Palisade Wall |
| 14:11 | Build | Palisade Wall |
| 14:14 | Build | Palisade Wall |
| 14:36 | Create | Spearman |
| 14:36 | Create | Spearman |
| 14:38 | Create | Villager (Male) |
| 14:43 | Build | Farm |
| 14:43 | Build | Farm |
| 14:43 | Build | Farm |
| 14:44 | Build | Farm |
| 14:51 | Create | Villager (Male) |
| 14:51 | Create | Villager (Male) |
| 15:02 | Build | House |
| 15:06 | Build | Farm |
| 15:32 | Build | Building 796 |
| 15:38 | Create | Villager (Male) |
| 15:41 | Build | Farm |
| 15:45 | Build | House |
| 15:47 | Build | Palisade Wall |
| 15:53 | Build | Palisade Wall |
| 16:00 | Build | Palisade Wall |
| 16:05 | Create | Villager (Male) |
| 16:11 | Build | Farm |
| 16:41 | Create | Villager (Male) |
| 17:05 | Research | Castle Age |
| 17:17 | Build | Lumber Camp |
| 17:21 | Create | Villager (Male) |
| 17:45 | Build | Archery Range |
| 17:47 | Build | Archery Range |
| 17:51 | Research | Fletching |
| 18:25 | Research | Horse Collar |
| 18:41 | Create | Villager (Male) |
| 19:05 | Create | Archer |
| 19:05 | Create | Archer |
| 19:11 | Research | Padded Archer Armor |
| 19:47 | Age | Castle Age |
| 19:50 | Create | Archer |
| 19:59 | Build | Town Center |
| 20:09 | Research | Bow Saw |
| 20:14 | Research | Crossbowman (upgrade) |
| 20:15 | Create | Archer ×2 |
| 20:15 | Create | Archer ×2 |
| 20:21 | Create | Villager (Male) |
| 20:22 | Research | Gold Mining |
| 20:39 | Build | House |
| 20:40 | Build | House |
| 20:53 | Create | Villager (Male) |
| 20:54 | Create | Villager (Male) |
| 21:09 | Build | Building 796 |
| 21:15 | Create | Villager (Male) |
| 21:18 | Create | Villager (Male) |
| 21:34 | Create | Archer ×2 |
| 21:35 | Create | Archer ×2 |
| 21:37 | Create | Villager (Male) |
| 21:37 | Create | Villager (Male) |
| 21:37 | Create | Villager (Male) |
| 21:37 | Create | Villager (Male) |
| 21:38 | Create | Villager (Male) |
| 21:48 | Build | House |
| 21:49 | Build | House |
| 21:53 | Create | Villager (Male) |
| 22:01 | Create | Archer ×2 |
| 22:02 | Create | Archer ×2 |
| 22:12 | Build | Mining Camp |
| 22:16 | Create | Villager (Male) |
| 22:24 | Create | Archer ×2 |
| 22:24 | Create | Archer ×2 |
| 22:54 | Research | Bodkin Arrow |
| 23:03 | Build | Farm |
| 23:03 | Build | Farm |
| 23:04 | Build | Farm |
| 23:04 | Build | Farm |
| 23:04 | Build | Farm |
| 23:04 | Build | Farm |
| 23:05 | Build | Farm |
| 23:05 | Build | Farm |
| 23:05 | Build | Farm |
| 23:05 | Build | Farm |
| 23:18 | Create | Villager (Male) |
| 23:18 | Create | Villager (Male) |
| 23:27 | Create | Archer ×4 |
| 23:28 | Create | Archer ×4 |
| 24:23 | Build | Siege Workshop |
| 24:33 | Create | Villager (Male) |
| 24:34 | Create | Villager (Male) |
| 24:36 | Create | Archer ×5 |
| 24:37 | Create | Archer ×5 |
| 24:42 | Build | House |
| 24:43 | Build | House |
| 24:48 | Research | Town Watch |
| 24:50 | Create | Villager (Male) |
| 25:44 | Create | Mangonel |
Build order — ChoWis
First 150 of 177 actions detected
| 0:00 | Create | Villager (Male) |
| 0:01 | Create | Villager (Male) |
| 0:01 | Create | Villager (Male) |
| 0:01 | Create | Villager (Male) |
| 0:02 | Build | House |
| 0:05 | Build | House |
| 1:30 | Create | Villager (Male) |
| 1:30 | Create | Villager (Male) |
| 1:47 | Build | Lumber Camp |
| 2:03 | Create | Villager (Male) |
| 2:32 | Create | Villager (Male) |
| 2:32 | Create | Villager (Male) |
| 2:49 | Create | Villager (Male) |
| 3:13 | Create | Villager (Male) |
| 3:51 | Build | House |
| 4:06 | Create | Villager (Male) |
| 4:07 | Create | Villager (Male) |
| 4:30 | Build | House |
| 4:52 | Create | Villager (Male) |
| 4:53 | Create | Villager (Male) |
| 4:57 | Create | Villager (Male) |
| 5:10 | Build | Mill |
| 5:51 | Create | Villager (Male) |
| 5:51 | Create | Villager (Male) |
| 6:15 | Create | Villager (Male) |
| 7:19 | Research | Loom |
| 7:43 | Create | Villager (Male) |
| 8:11 | Create | Villager (Male) |
| 8:52 | Research | Feudal Age |
| 9:02 | Build | Mining Camp |
| 9:10 | Build | Palisade Wall |
| 9:15 | Build | House |
| 9:19 | Build | Palisade Wall |
| 9:35 | Build | House |
| 9:36 | Build | House |
| 10:28 | Build | Barracks |
| 10:40 | Build | House |
| 10:41 | Build | Palisade Wall |
| 11:02 | Age | Feudal Age |
| 11:16 | Build | Blacksmith |
| 11:25 | Build | Stable |
| 11:47 | Build | Palisade Wall |
| 11:48 | Research | Double-Bit Axe |
| 11:50 | Create | Villager (Male) |
| 11:52 | Create | Villager (Male) |
| 12:05 | Build | Building 796 |
| 12:33 | Research | Bloodlines |
| 12:34 | Create | Scout Cavalry |
| 12:34 | Create | Scout Cavalry |
| 12:41 | Create | Villager (Male) |
| 12:44 | Build | Farm |
| 12:59 | Build | Lumber Camp |
| 13:01 | Create | Villager (Male) |
| 13:15 | Create | Villager (Male) |
| 13:23 | Build | Farm |
| 13:23 | Build | Farm |
| 13:23 | Build | Farm |
| 13:47 | Research | Horse Collar |
| 14:06 | Build | Farm |
| 14:11 | Research | Gold Mining |
| 14:33 | Create | Spearman |
| 14:37 | Build | Farm |
| 14:37 | Build | Farm |
| 14:37 | Build | Farm |
| 15:14 | Create | Scout Cavalry |
| 15:18 | Build | Farm |
| 15:19 | Build | Farm |
| 15:19 | Build | Farm |
| 15:19 | Build | Farm |
| 15:33 | Create | Villager (Male) |
| 15:34 | Create | Villager (Male) |
| 15:39 | Build | Farm |
| 16:00 | Create | Villager (Male) |
| 16:03 | Build | Farm |
| 16:30 | Create | Spearman |
| 16:34 | Create | Villager (Male) |
| 16:38 | Build | Farm |
| 16:45 | Build | Farm |
| 16:49 | Create | Spearman |
| 16:59 | Create | Villager (Male) |
| 17:10 | Build | Farm |
| 17:11 | Create | Villager (Male) |
| 17:21 | Build | Market |
| 17:28 | Create | Spearman |
| 17:36 | Build | Farm |
| 17:40 | Create | Villager (Male) |
| 18:09 | Create | Villager (Male) |
| 18:13 | Build | Farm |
| 18:37 | Build | Farm |
| 18:41 | Create | Villager (Male) |
| 18:45 | Build | Farm |
| 18:49 | Create | Scout Cavalry |
| 19:08 | Research | Wheelbarrow |
| 19:14 | Build | Farm |
| 19:33 | Create | Villager (Male) |
| 20:20 | Research | Castle Age |
| 20:20 | Research | Castle Age |
| 20:51 | Build | Archery Range |
| 21:06 | Create | Villager (Male) |
| 21:10 | Research | Stone Mining |
| 21:28 | Create | Villager (Male) |
| 22:04 | Create | Skirmisher |
| 22:05 | Create | Skirmisher |
| 22:20 | Research | Scale Barding Armor |
| 22:22 | Research | Fletching |
| 22:26 | Create | Villager (Male) |
| 22:35 | Build | House |
| 22:41 | Build | House |
| 22:54 | Create | Skirmisher |
| 23:03 | Age | Castle Age |
| 23:06 | Build | Town Center |
| 23:22 | Build | Town Center |
| 23:28 | Create | Villager (Male) |
| 23:28 | Create | Villager (Male) |
| 23:30 | Create | Unit 1944 |
| 23:30 | Create | Unit 1944 |
| 23:47 | Create | Unit 1944 |
| 23:59 | Create | Unit 1944 |
| 24:06 | Create | Villager (Male) |
| 24:06 | Create | Villager (Male) |
| 24:15 | Create | Skirmisher |
| 24:15 | Create | Skirmisher |
| 24:19 | Research | Elite Skirmisher (upgrade) |
| 24:35 | Create | Unit 1944 |
| 24:55 | Create | Unit 1944 |
| 25:04 | Create | Unit 1944 |
| 25:31 | Create | Unit 1944 |
| 26:05 | Build | Stable |
| 26:12 | Create | Skirmisher |
| 26:12 | Create | Skirmisher |
| 26:15 | Create | Unit 1944 |
| 26:30 | Create | Villager (Male) |
| 26:30 | Create | Villager (Male) |
| 26:31 | Research | Hand Cart |
| 26:33 | Research | Heavy Plow |
| 26:38 | Build | House |
| 26:43 | Create | Skirmisher |
| 26:50 | Create | Villager (Male) |
| 26:51 | Create | Villager (Male) |
| 26:57 | Create | Unit 1944 |
| 26:57 | Create | Unit 1944 |
| 27:12 | Create | Unit 1944 |
| 27:25 | Create | Unit 1944 |
| 27:25 | Create | Unit 1944 |
| 27:39 | Create | Unit 1944 |
| 27:39 | Create | Unit 1944 |
| 28:26 | Create | Villager (Male) |
| 28:26 | Create | Villager (Male) |
| 28:36 | Build | Farm |
| 28:36 | Build | Farm |
Match timeline
| 9:10 | ChoWis · wall_segment Palisade Wall x8 |
| 9:19 | ChoWis · wall_segment Palisade Wall x4 |
| 10:28 | ChoWis · first_building Barracks |
| 10:41 | ChoWis · wall_segment Palisade Wall x3 |
| 10:49 | A Pink Elephant · first_building Barracks |
| 11:02 | ChoWis · age_up feudal |
| 11:24 | A Pink Elephant · age_up feudal |
| 11:25 | ChoWis · first_building Stable |
| 11:47 | ChoWis · wall_segment Palisade Wall x12 |
| 11:51 | A Pink Elephant · first_building Archery Range |
| 12:35 | A Pink Elephant · first_building Stable |
| 13:26 | A Pink Elephant · wall_segment Palisade Wall x3 |
| 14:08 | A Pink Elephant · wall_segment Palisade Wall x7 |
| 14:11 | A Pink Elephant · wall_segment Palisade Wall x2 |
| 14:14 | A Pink Elephant · wall_segment Palisade Wall x6 |
| 15:47 | A Pink Elephant · wall_segment Palisade Wall x1 |
| 15:53 | A Pink Elephant · wall_segment Palisade Wall x12 |
| 16:00 | A Pink Elephant · wall_segment Palisade Wall x14 |
| 18:16 | ChoWis · first_market_buy 100 food |
| 19:47 | A Pink Elephant · age_up castle |
| 20:51 | ChoWis · first_building Archery Range |
| 23:03 | ChoWis · age_up castle |
| 24:23 | A Pink Elephant · first_building Siege Workshop |
| 29:03 | ChoWis · first_building Siege Workshop |
| 30:09 | ChoWis · first_market_sell 100 wood |
| 31:43 | ChoWis · resign |
[ AI ANALYSIS · 1 CREDIT ]
What really happened in this match?
Wolo.gg analyzes every decision: build order, eco, micro, common mistakes by bracket. Personalized analysis on WhatsApp or Discord in 30 seconds.
Civ guide
Ethiopians
Perfil
Jugador #533862